[Event "ICC tourney 2533 (25 5)"]
[Site "Internet Chess Club"]
[Date "2021.04.24"]
[Round "4"]
[White "VINCENT BAUTISTA, LUIS:K09-16516698"]
[Black "MICHAEL BAR, NATHAN:K09-30163724"]
[Result "0-1"]
[ICCResult "White checkmated"]
[WhiteElo "625"]
[BlackElo "1074"]
[Opening "Four knights: Ranken variation"]
[ECO "C48"]
[NIC "KP.03"]
[Time "17:04:53"]
[PlyCount "110"]
[TimeControl "1500+5"]

1. e4 e5 2. Nf3 Nc6 3. Bb5 Nf6 4. Nc3 a6 5. Bxc6 dxc6 6. O-O Bg4 7. h3 Bh5
8. d3 Bb4 9. a3 Bxc3 10. bxc3 O-O 11. g4 Bg6 12. Nxe5 Re8 13. Nxg6 fxg6 14.
Re1 Nd7 15. Rb1 Rb8 16. f3 Qh4 17. Qe2 Qxh3 18. Bf4 Rbc8 19. Rxb7 Rf8 20.
Rxc7 Rxc7 21. Bxc7 Rxf3 22. Bd6 Nf6 23. Rf1 Qxg4+ 24. Qg2 Qxg2+ 25. Kxg2
Rxf1 26. Kxf1 Kf7 27. Bh2 h5 28. Kf2 Ng4+ 29. Kg2 Nxh2 30. Kxh2 g5 31. Kh3
g4+ 32. Kh4 g6 33. d4 Kf6 34. c4 g5+ 35. Kg3 Ke6 36. d5+ cxd5 37. exd5+ Ke5
38. c3 Kd6 39. a4 a5 40. Kg2 h4 41. Kh2 h3 42. Kg3 Kc5 43. Kxg4 h2 44. d6
Kxd6 45. Kxg5 h1=Q 46. c5+ Kxc5 47. c4 Qf3 48. Kh4 Qg2 49. Kh5 Qg3 50. Kh6
Qg4 51. Kh7 Qg5 52. Kh8 Kd6 53. Kh7 Ke7 54. c5 Kf7 55. c6 Qg7# { White
checkmated } 0-1

[Event "ICC tourney 2533 (25 5)"]
[Site "Internet Chess Club"]
[Date "2021.04.24"]
[Round "4"]
[White "GIBSON, MICHAEL:K09-17297651"]
[Black "LI, YIYANG:K09-30018058"]
[Result "0-1"]
[ICCResult "White checkmated"]
[WhiteElo "585"]
[BlackElo "1008"]
[Opening "King's pawn game"]
[ECO "C44"]
[NIC "KP.07"]
[Time "17:04:19"]
[PlyCount "42"]
[TimeControl "1500+5"]

1. e4 e5 2. Nf3 Nc6 3. d3 Bc5 4. Nc3 d6 5. Bg5 Nf6 6. Bxf6 Qxf6 7. g4 O-O
8. h4 Bxg4 9. d4 Nxd4 10. Nb5 Bxf3 11. Qd3 Bxh1 12. O-O-O Nxb5 13. Qxb5
Bxe4 14. Be2 Bxf2 15. Rf1 Be3+ 16. Kb1 Qxh4 17. Qb3 Bd4 18. Bc4 d5 19. Be2
Bg2 20. Re1 Qxe1+ 21. Bd1 Qxd1# { White checkmated } 0-1

[Event "ICC tourney 2533 (25 5)"]
[Site "Internet Chess Club"]
[Date "2021.04.24"]
[Round "4"]
[White "MA, TRISTAN:K09-15699071"]
[Black "ROGER JONES, DANIEL:K09-16813540"]
[Result "1-0"]
[ICCResult "Black resigns"]
[WhiteElo "1367"]
[BlackElo "684"]
[Opening "Ruy Lopez: 5.O-O"]
[ECO "C78"]
[NIC "RL.12"]
[Time "17:04:20"]
[PlyCount "62"]
[TimeControl "1500+5"]

1. e4 e5 2. Nf3 Nc6 3. Bb5 a6 4. Ba4 Nf6 5. O-O Ng4 6. h3 Nf6 7. Re1 Bc5 8.
Bxc6 dxc6 9. Nxe5 O-O 10. Nf3 Re8 11. Nc3 Re7 12. d4 Bb4 13. e5 Nd5 14.
Nxd5 cxd5 15. c3 Ba5 16. Ng5 h6 17. Nf3 Re6 18. Nh2 Qg5 19. Bxg5 Rg6 20.
Bxh6 gxh6 21. Re3 c6 22. Rg3 Rxg3 23. fxg3 Bb6 24. Qh5 c5 25. Rf1 Be6 26.
Ng4 cxd4 27. Nxh6+ Kg7 28. Qg5+ Kh7 29. Nxf7 Bxf7 30. Rxf7+ Kh8 31. Qh6+
Kg8 { Black resigns } 1-0

[Event "ICC tourney 2533 (25 5)"]
[Site "Internet Chess Club"]
[Date "2021.04.24"]
[Round "4"]
[White "MARIAN, AARON:K09-15799497"]
[Black "EISENBRAUN, TYLER:K09-30031250"]
[Result "0-1"]
[ICCResult "White checkmated"]
[WhiteElo "1400"]
[BlackElo "472"]
[Opening "Pirc: Byrne variation"]
[ECO "B07"]
[NIC "PU.09"]
[Time "17:04:12"]
[PlyCount "136"]
[TimeControl "1500+5"]

1. d4 Nf6 2. Nc3 g6 3. e4 d6 4. Bg5 Bg7 5. e5 dxe5 6. dxe5 Qxd1+ 7. Rxd1
Nh5 8. Nb5 Bxe5 9. Nf3 Bd6 10. c4 c6 11. c5 cxb5 12. cxd6 exd6 13. Rxd6 O-O
14. Bxb5 a6 15. Ba4 Nc6 16. O-O Be6 17. Bxc6 bxc6 18. Rxc6 Bxa2 19. Bh6
Rfc8 20. Rfc1 Rxc6 21. Rxc6 Bd5 22. Rc3 Rd8 23. Rd3 Nf6 24. Bg5 Kg7 25. Ne5
Re8 26. Bxf6+ Kxf6 27. f4 Be6 28. Rd6 a5 29. Ra6 Rc8 30. Rxa5 Rc1+ 31. Kf2
Rc2+ 32. Kg3 Rxb2 33. Ra6 Ke7 34. Nf3 Bd5 35. Ra7+ Bb7 36. Nh4 Kf6 37. Ra5
Ke6 38. Re5+ Kf6 39. Nf3 Bc6 40. Rc5 Ba8 41. Ra5 Be4 42. Ra6+ Ke7 43. Ra7+
Bb7 44. Nh4 h6 45. f5 g5 46. Nf3 Kf6 47. Ra5 h5 48. h3 h4+ 49. Kh2 Bxf3 50.
Ra6+ Kxf5 51. Ra5+ Kg6 52. Ra6+ Kh5 53. Kh1 Bxg2+ 54. Kg1 Bxh3 55. Ra3 g4
56. Ra5+ Kg6 57. Ra6+ Kf5 58. Ra5+ Kg6 59. Ra6+ Kg7 60. Ra5 g3 61. Ra1 Kf6
62. Ra6+ Kg5 63. Ra5+ f5 64. Ra1 Bg2 65. Rc1 Be4 66. Re1 h3 67. Kf1 Bg2+
68. Kg1 h2# { White checkmated } 0-1

[Event "ICC tourney 2533 (25 5)"]
[Site "Internet Chess Club"]
[Date "2021.04.24"]
[Round "4"]
[White "THOMAS, JOHNATHAN:K09-16893496"]
[Black "ZHAO, CALEB:K09-17115255"]
[Result "1-0"]
[ICCResult "Black checkmated"]
[WhiteElo "927"]
[BlackElo "402"]
[Opening "Giuoco Pianissimo: Italian four knights variation"]
[ECO "C50"]
[NIC "IG.02"]
[Time "17:06:55"]
[PlyCount "73"]
[TimeControl "1500+5"]

1. e4 e5 2. Nf3 Nc6 3. Bc4 Bc5 4. Nc3 Nf6 5. d3 O-O 6. O-O d6 7. Bg5 h6 8.
Bh4 g5 9. Nxg5 hxg5 10. Bxg5 Kg7 11. Nd5 Nxd5 12. Bxd8 Rxd8 13. exd5 Ne7
14. c3 Bf5 15. a4 Rh8 16. b4 Rh7 17. bxc5 Rah8 18. h3 Bxh3 19. gxh3 Rxh3
20. Qg4+ Ng6 21. cxd6 Rh1+ 22. Kg2 R8h2+ 23. Kg3 Rxf1 24. Rxf1 f5 25. Kxh2
fxg4 26. dxc7 Nf4 27. c8=Q Nh5 28. Qxg4+ Kf6 29. Qxh5 Kg7 30. Qxe5+ Kh6 31.
Qd6+ Kh7 32. Ba6 Kg7 33. Bxb7 Kf7 34. Bc6 Kg8 35. Qc7 Kh8 36. Rg1 a5 37.
Qg7# { Black checkmated } 1-0

[Event "ICC tourney 2533 (25 5)"]
[Site "Internet Chess Club"]
[Date "2021.04.24"]
[Round "4"]
[White "Y NG, EUGENE:K09-17199947"]
[Black "TRAN, KOLBY:K09-16895617"]
[Result "1-0"]
[ICCResult "Black checkmated"]
[WhiteElo "1359"]
[BlackElo "663"]
[Opening "King's gambit"]
[ECO "C30"]
[NIC "KG.05"]
[Time "17:03:39"]
[PlyCount "89"]
[TimeControl "1500+5"]

1. e4 e5 2. f4 d6 3. Bc4 Nc6 4. Nf3 Nf6 5. d3 Be7 6. O-O Bg4 7. Nc3 Nd4 8.
Be3 Nxf3+ 9. gxf3 Bh3 10. fxe5 dxe5 11. Rf2 O-O 12. Kh1 Qd7 13. Qg1 Be6 14.
Bxe6 Qxe6 15. Rg2 g6 16. Bg5 Qc6 17. Bxf6 Qxf6 18. Nd5 Qd6 19. Rg3 Bh4 20.
Rh3 Be7 21. Qe3 g5 22. Rg1 f6 23. f4 exf4 24. Qf3 c6 25. Qh5 Rf7 26. Nc3
Qd4 27. Ne2 Qf2 28. Rf3 Qxe2 29. Rg2 Qd1+ 30. Rg1 Qxc2 31. Rxf4 Bc5 32.
Rxg5+ Kh8 33. Rxc5 Qd1+ 34. Qxd1 Rg8 35. Rg4 Rgf8 36. Rf5 b5 37. Qg1 a6 38.
Rgf4 Rg8 39. Qd4 Rfg7 40. Qxf6 h6 41. Qxh6+ Rh7 42. Qf6+ Rgg7 43. Rg5 c5
44. Qf8+ Rg8 45. Rxg8# { Black checkmated } 1-0

[Event "ICC tourney 2533 (25 5)"]
[Site "Internet Chess Club"]
[Date "2021.04.24"]
[Round "4"]
[White "RAVINUTALA, NITYA:K09-15006650"]
[Black "TANN, KEVIN:K09-16685678"]
[Result "1-0"]
[ICCResult "Black checkmated"]
[WhiteElo "912"]
[BlackElo "142"]
[Opening "King's pawn game"]
[ECO "C50"]
[NIC "IG.03"]
[Time "17:06:30"]
[PlyCount "63"]
[TimeControl "1500+5"]

1. e4 e5 2. Nf3 Nc6 3. Bc4 Nd4 4. Nxd4 exd4 5. d3 c5 6. c3 Bd6 7. O-O Qh4
8. g3 Qh3 9. Qe2 Nf6 10. f3 Bxg3 11. hxg3 Qxg3+ 12. Qg2 Qxg2+ 13. Kxg2 b6
14. cxd4 cxd4 15. Na3 a6 16. b4 b5 17. Bb3 Bb7 18. Nc2 a5 19. Nxd4 axb4 20.
Nxb5 O-O-O 21. Bb2 Ba6 22. Na7+ Kb7 23. Bd4 Bxd3 24. Rfc1 d5 25. e5 Nh5 26.
Nc6 Rc8 27. Nxb4 Rxc1 28. Rxc1 Nf4+ 29. Kf2 Nh3+ 30. Kg3 Bf5 31. Bxd5+ Kb8
32. Na6# { Black checkmated } 1-0

[Event "ICC tourney 2533 (25 5)"]
[Site "Internet Chess Club"]
[Date "2021.04.24"]
[Round "4"]
[White "T ZHANG, ANTHONY:K09-16058232"]
[Black "GREGORY HELLBUSCH, MATTHEW:K09-16265240"]
[Result "1-0"]
[ICCResult "Black checkmated"]
[WhiteElo "1314"]
[BlackElo "683"]
[Opening "Queen's bishop game"]
[ECO "D00"]
[NIC "QP.08"]
[Time "17:03:32"]
[PlyCount "69"]
[TimeControl "1500+5"]

1. d4 d5 2. Bf4 Nf6 3. Nf3 Nc6 4. e3 Bf5 5. Ng5 Bg6 6. Bd3 e6 7. h4 Bxd3 8.
Qxd3 Qe7 9. Bxc7 Qxc7 10. Nc3 Nb4 11. Qb5+ Nc6 12. O-O a6 13. Qa4 h6 14.
Nf3 O-O-O 15. Rfb1 b5 16. Qxa6+ Kd7 17. Nxb5 Qc8 18. Qxc8+ Rxc8 19. Ne5+
Nxe5 20. dxe5 Ne4 21. Nd4 Bc5 22. b4 Bxd4 23. exd4 Rxc2 24. b5 Rxf2 25. b6
Rg8 26. a4 Rb8 27. a5 Nc3 28. Kxf2 Nxb1 29. Rxb1 Kc8 30. a6 Ra8 31. b7+ Kc7
32. bxa8=Q Kd7 33. Qb7+ Ke8 34. Qc8+ Ke7 35. Rb7# { Black checkmated } 1-0

[Event "ICC tourney 2533 (25 5)"]
[Site "Internet Chess Club"]
[Date "2021.04.24"]
[Round "4"]
[White "WANG, JOSEPH Y:K09-15722256"]
[Black "PRASAD, ANKUR:K09-16588712"]
[Result "1-0"]
[ICCResult "Black checkmated"]
[WhiteElo "1419"]
[BlackElo "704"]
[Opening "Evans gambit"]
[ECO "C51"]
[NIC "IG.05"]
[Time "17:06:08"]
[PlyCount "57"]
[TimeControl "1500+5"]

1. e4 e5 2. Nf3 Nc6 3. Bc4 Bc5 4. b4 Bxb4 5. c3 Bc5 6. d4 Bd6 7. Qb3 Nf6 8.
Bxf7+ Kf8 9. Nbd2 exd4 10. cxd4 a5 11. e5 Bb4 12. exf6 Qxf6 13. Bd5 Qe7+
14. Qe3 Qxe3+ 15. fxe3 d6 16. O-O Ke7 17. Bb2 b6 18. Bxc6 Ba6 19. Rfe1 Bxd2
20. Nxd2 Rae8 21. Bxe8 Kxe8 22. Rac1 Rf8 23. Rxc7 Bd3 24. Rxg7 b5 25. Ra7
a4 26. Ba3 Rf5 27. Rxh7 d5 28. Rc1 b4 29. Rc8# { Black checkmated } 1-0

[Event "ICC tourney 2533 (25 5)"]
[Site "Internet Chess Club"]
[Date "2021.04.24"]
[Round "4"]
[White "BALAKRISHNAN, NAVEEN:K09-15197624"]
[Black "JAIN, ARYAN:K09-16802032"]
[Result "1-0"]
[ICCResult "Black resigns"]
[WhiteElo "1755"]
[BlackElo "1191"]
[Opening "Ruy Lopez: Caro variation"]
[ECO "C70"]
[NIC "RL.09"]
[Time "17:05:16"]
[PlyCount "91"]
[TimeControl "1500+5"]

1. e4 e5 2. Nf3 Nc6 3. Bb5 a6 4. Ba4 b5 5. Bb3 Nf6 6. d3 Bc5 7. O-O h6 8.
Be3 Bb6 9. h3 d6 10. Nbd2 O-O 11. c3 Be6 12. d4 exd4 13. cxd4 Bxb3 14. Qxb3
Re8 15. Qc2 Ba5 16. Qxc6 Bxd2 17. Nxd2 Qe7 18. Rac1 Nxe4 19. Nxe4 Qxe4 20.
Qxe4 Rxe4 21. Rxc7 Ree8 22. Rfc1 Kh7 23. Rxf7 Rac8 24. Rcc7 Kg6 25. Rxg7+
Kf6 26. Rh7 Rxc7 27. Rxc7 Kg6 28. Rc6 Kf5 29. Rxd6 Rc8 30. Rxa6 Rc2 31. b3
Ke4 32. a4 bxa4 33. bxa4 Ra2 34. Ra8 Kd5 35. a5 Kc6 36. a6 Kb6 37. d5+ Kc7
38. a7 Kb7 39. Rb8+ Kc7 40. a8=Q Rxa8 41. Rxa8 Kd6 42. Rh8 h5 43. Rxh5 Kd7
44. Rg5 Kd6 45. h4 Ke7 46. h5 { Black resigns } 1-0

[Event "ICC tourney 2533 (25 5)"]
[Site "Internet Chess Club"]
[Date "2021.04.24"]
[Round "4"]
[White "DANIEL SHIVELY, CAMERON:K09-15556578"]
[Black "HAMILTON, JACK:K09-16280602"]
[Result "0-1"]
[ICCResult "White checkmated"]
[WhiteElo "787"]
[BlackElo "1431"]
[Opening "Sicilian defense"]
[ECO "B30"]
[NIC "SI.31"]
[Time "17:05:59"]
[PlyCount "68"]
[TimeControl "1500+5"]

1. e4 c5 2. Nf3 Nc6 3. Nc3 g6 4. Bc4 Bg7 5. d3 e6 6. Bf4 a6 7. O-O b5 8.
Bb3 Nge7 9. Ne2 Bxb2 10. Rb1 Bg7 11. Qd2 O-O 12. Bh6 d5 13. exd5 exd5 14.
c3 Nf5 15. Bxg7 Kxg7 16. Nf4 Be6 17. Rfe1 Re8 18. Bxd5 Bxd5 19. Rxe8 Qxe8
20. Nxd5 Qd8 21. c4 bxc4 22. dxc4 Ncd4 23. Nxd4 Nxd4 24. Rb7 Rb8 25. Rxb8
Qxb8 26. g3 Nf3+ 27. Kg2 Nxd2 28. Ne7 Qb7+ 29. f3 Qxf3+ 30. Kh3 Qf1+ 31.
Kg4 f5+ 32. Kg5 Ne4+ 33. Kh4 g5+ 34. Kh5 Qh3# { White checkmated } 0-1

[Event "ICC tourney 2533 (25 5)"]
[Site "Internet Chess Club"]
[Date "2021.04.24"]
[Round "4"]
[White "RODIC, ELLIOT:K09-16510635"]
[Black "MELILLO, LUCIUS:K09-15570195"]
[Result "1-0"]
[ICCResult "Black checkmated"]
[WhiteElo "724"]
[BlackElo "1881"]
[Opening "Four knights: Spanish variation"]
[ECO "C48"]
[NIC "KP.03"]
[Time "17:04:14"]
[PlyCount "61"]
[TimeControl "1500+5"]

1. e4 e5 2. Nf3 Nf6 3. Nc3 Nc6 4. Bb5 d6 5. d3 Be7 6. Nd5 O-O 7. Nxf6+ Bxf6
8. Be3 Be6 9. O-O a6 10. Bxc6 bxc6 11. c4 d5 12. Bc5 Re8 13. cxd5 cxd5 14.
exd5 Bxd5 15. Re1 e4 16. dxe4 Bxe4 17. Qxd8 Raxd8 18. Ba3 g6 19. Rac1 c6
20. b3 Re6 21. Re3 Rd3 22. Rxd3 Bxd3 23. h3 Be4 24. Nd2 Bd5 25. Nc4 Re2 26.
Nb6 Rxa2 27. Nxd5 cxd5 28. Rc8+ Kg7 29. Bf8+ Kg8 30. Bh6+ Bd8 31. Rxd8# {
Black checkmated } 1-0

[Event "ICC tourney 2533 (25 5)"]
[Site "Internet Chess Club"]
[Date "2021.04.24"]
[Round "4"]
[White "PARK, EVAN:K09-15748464"]
[Black "NI, DAVID:K09-16357865"]
[Result "1-0"]
[ICCResult "Black resigns"]
[WhiteElo "2322"]
[BlackElo "1453"]
[Opening "English opening"]
[ECO "A15"]
[NIC "EO.64"]
[Time "17:06:16"]
[PlyCount "71"]
[TimeControl "1500+5"]

1. c4 Nf6 2. Nf3 d6 3. g3 c5 4. Bg2 Nc6 5. O-O Bd7 6. b3 g6 7. Bb2 Bg7 8.
d4 b6 9. d5 Nb8 10. e4 O-O 11. Nbd2 Be8 12. Qc2 Nfd7 13. Bxg7 Kxg7 14. Ne1
f6 15. f4 Bf7 16. Nd3 Bg8 17. Rae1 Re8 18. e5 Nf8 19. e6 h6 20. f5 g5 21.
h4 Nh7 22. Ne4 Rf8 23. a3 a5 24. Qd1 Qe8 25. Bf3 Na6 26. Ndf2 Nc7 27. Bh5
Qb8 28. a4 Ne8 29. Bg6 Kh8 30. Qh5 Ng7 31. Qxh6 gxh4 32. gxh4 Qc7 33. Kh1
Rfb8 34. Rg1 Qd8 35. Bxh7 Qf8 36. Bg6+ { Black resigns } 1-0

[Event "ICC tourney 2533 (25 5)"]
[Site "Internet Chess Club"]
[Date "2021.04.24"]
[Round "4"]
[White "KENNEDY, MICHAEL:K09-14963230"]
[Black "SURESH, ISAAC:K09-15949243"]
[Result "1-0"]
[ICCResult "Black checkmated"]
[WhiteElo "1037"]
[BlackElo "488"]
[Opening "Pirc: Byrne variation"]
[ECO "B07"]
[NIC "PU.09"]
[Time "17:05:17"]
[PlyCount "91"]
[TimeControl "1500+5"]

1. e4 d6 2. d4 Nf6 3. Nc3 g6 4. Bg5 Bg7 5. Bc4 O-O 6. Nf3 Bg4 7. Be2 h6 8.
Bh4 Nbd7 9. h3 Bxf3 10. Bxf3 e5 11. d5 c6 12. O-O cxd5 13. Nxd5 Qc8 14.
Ne7+ Kh8 15. Nxc8 Raxc8 16. Qxd6 Rxc2 17. Bxf6 Bxf6 18. Qxd7 Rd8 19. Qxf7
Bg7 20. Rad1 Rdc8 21. Rd7 Rg8 22. Rfd1 Rcc8 23. Be2 Rcf8 24. Qe7 a6 25. Rd8
Bf6 26. Qxf8 Bxd8 27. Qxg8+ Kxg8 28. Rxd8+ Kf7 29. Rd7+ Ke6 30. Rxb7 Kd6
31. Bxa6 Kc6 32. Rb3 h5 33. Bc8 g5 34. a3 g4 35. hxg4 hxg4 36. a4 g3 37.
fxg3 Kc5 38. a5 Kc4 39. Rb7 Kc5 40. a6 Kc6 41. a7 Kd6 42. a8=Q Kc6 43. Qa5
Kd6 44. Rb6+ Kc7 45. Qa7+ Kd8 46. Qd7# { Black checkmated } 1-0

[Event "ICC tourney 2533 (25 5)"]
[Site "Internet Chess Club"]
[Date "2021.04.24"]
[Round "4"]
[White "VALLI PILLA, ANANYA:K09-14998655"]
[Black "RUBINSTEIN MASH, ALEXANDER:K09-15052095"]
[Result "0-1"]
[ICCResult "White checkmated"]
[WhiteElo "1101"]
[BlackElo "1674"]
[Opening "Caro-Kann: advance variation"]
[ECO "B12"]
[NIC "CK.02"]
[Time "17:03:49"]
[PlyCount "102"]
[TimeControl "1500+5"]

1. e4 c6 2. d4 d5 3. e5 c5 4. c3 Nc6 5. Nf3 Bg4 6. Be3 e6 7. h3 Bh5 8. Qd2
f6 9. Bb5 Bxf3 10. Bxc6+ bxc6 11. gxf3 fxe5 12. dxe5 Ne7 13. f4 Nf5 14. Na3
d4 15. cxd4 cxd4 16. Bxd4 Nxd4 17. O-O-O Bxa3 18. bxa3 c5 19. Qc3 Ne2+ 20.
Kc2 Nxc3 21. Rxd8+ Rxd8 22. Kxc3 Rd4 23. Kb3 Ke7 24. a4 Rb8+ 25. Kc3 Rxf4
26. Rf1 Rxa4 27. f4 Rbb4 28. f5 Ra3+ 29. Kc2 Rxa2+ 30. Kc3 Ra3+ 31. Kc2
Rxh3 32. Kd2 Rb2+ 33. Kc1 Rhh2 34. f6+ gxf6 35. exf6+ Kf7 36. Rg1 Rhc2+ 37.
Kd1 Rb1+ 38. Kxc2 Rxg1 39. Kc3 h5 40. Kc4 h4 41. Kxc5 h3 42. Kc6 h2 43. Kb7
h1=Q+ 44. Kxa7 Ra1+ 45. Kb6 Qb1+ 46. Kc5 Qc2+ 47. Kd4 Ra4+ 48. Ke3 Re4+ 49.
Kf3 Qe2+ 50. Kg3 Rg4+ 51. Kh3 Qg2# { White checkmated } 0-1

[Event "ICC tourney 2533 (25 5)"]
[Site "Internet Chess Club"]
[Date "2021.04.24"]
[Round "4"]
[White "PRASAD DAS, BISHAL:K09-17120700"]
[Black "MAKODE, ATHARVA:K09-16723328"]
[Result "0-1"]
[ICCResult "White resigns"]
[WhiteElo "797"]
[BlackElo "1446"]
[Opening "English: symmetrical variation"]
[ECO "A35"]
[NIC "EO.64"]
[Time "17:05:48"]
[PlyCount "58"]
[TimeControl "1500+5"]

1. c4 c5 2. Nc3 Nc6 3. e4 e5 4. Nf3 d6 5. d3 Be6 6. g3 g6 7. Bg2 Bg7 8. O-O
Nf6 9. b3 O-O 10. Nd5 h6 11. Nxf6+ Qxf6 12. Be3 Qe7 13. Qd2 h5 14. Bh6 Qd7
15. Qg5 Qd8 16. Qxd8 Rfxd8 17. Bxg7 Kxg7 18. Ng5 Re8 19. Rfd1 f6 20. Nxe6+
Rxe6 21. h4 Nd4 22. Kf1 Rf8 23. Kg1 Re7 24. Bh3 Ref7 25. Kg2 g5 26. hxg5
fxg5 27. Rd2 g4 28. Bxg4 hxg4 29. a4 Nxb3 { White resigns } 0-1

[Event "ICC tourney 2533 (25 5)"]
[Site "Internet Chess Club"]
[Date "2021.04.24"]
[Round "4"]
[White "UPADHYAY, PUNYAVRAT:K09-15975172"]
[Black "D LEVY, SOLOMON:K09-30045580"]
[Result "1-0"]
[ICCResult "Black resigns"]
[WhiteElo "1546"]
[BlackElo "1012"]
[Opening "Ruy Lopez: Caro variation"]
[ECO "C70"]
[NIC "RL.09"]
[Time "17:05:31"]
[PlyCount "51"]
[TimeControl "1500+5"]

1. e4 e5 2. Nf3 Nc6 3. Bb5 a6 4. Ba4 b5 5. Bb3 Bb7 6. d3 h6 7. O-O Bc5 8.
c3 Nf6 9. h3 O-O 10. Re1 Na5 11. Bc2 Re8 12. b4 Bxb4 13. cxb4 Nc6 14. a3 a5
15. Nc3 axb4 16. Nxb5 Ra5 17. a4 Ba6 18. Bb2 Bxb5 19. axb5 Rxb5 20. Ba4 Ra5
21. Bxc6 Rxa1 22. Bxa1 dxc6 23. Nxe5 Nd7 24. Nxc6 Qa8 25. Qg4 g6 26. Qxd7 {
Black resigns } 1-0

[Event "ICC tourney 2533 (25 5)"]
[Site "Internet Chess Club"]
[Date "2021.04.24"]
[Round "4"]
[White "ARJUN ARORA, PIERCE:K09-16016532"]
[Black "SHUKLA, ARIN:K09-15582643"]
[Result "0-1"]
[ICCResult "White resigns"]
[WhiteElo "1016"]
[BlackElo "1553"]
[Opening "Danish gambit"]
[ECO "C21"]
[NIC "KP.04"]
[Time "17:05:31"]
[PlyCount "66"]
[TimeControl "1500+5"]

1. e4 e5 2. d4 exd4 3. c3 Nf6 4. e5 Nd5 5. cxd4 Nc6 6. Nf3 Bb4+ 7. Bd2 Be7
8. Bc4 Nb6 9. Bd3 d5 10. Nc3 Bg4 11. O-O Nxd4 12. Be2 Nxe2+ 13. Qxe2 O-O
14. Qd3 h6 15. h3 Bh5 16. Nd4 Bg6 17. Qg3 a6 18. e6 Bd6 19. Qf3 c5 20.
exf7+ Bxf7 21. Nf5 Bg6 22. Nxh6+ gxh6 23. Qg4 Kh7 24. Rfe1 Qf6 25. Rf1 Rg8
26. Nxd5 Nxd5 27. Qc4 Qe5 28. g3 b5 29. Qh4 Qh5 30. Qxh5 Bxh5 31. g4 Bxg4
32. hxg4 Rxg4+ 33. Kh1 Rag8 { White resigns } 0-1

[Event "ICC tourney 2533 (25 5)"]
[Site "Internet Chess Club"]
[Date "2021.04.24"]
[Round "4"]
[White "CHUNG, JACOB:K09-16350401"]
[Black "BHEEMAVARAPU, SREEKAR:K09-16737643"]
[Result "1-0"]
[ICCResult "Black resigns"]
[WhiteElo "1434"]
[BlackElo "754"]
[Opening "French: advance, Milner-Barry gambit"]
[ECO "C02"]
[NIC "FR.03"]
[Time "17:05:47"]
[PlyCount "29"]
[TimeControl "1500+5"]

1. e4 e6 2. d4 d5 3. e5 c5 4. c3 Nc6 5. Nf3 Qb6 6. Bd3 cxd4 7. cxd4 Nxd4 8.
Nxd4 Bb4+ 9. Bd2 Qxd4 10. Qa4+ Bd7 11. Qxb4 Qxd3 12. Nc3 Ne7 13. Rd1 Ng6
14. Qxb7 Ke7 15. Bg5+ { Black resigns } 1-0

[Event "ICC tourney 2533 (25 5)"]
[Site "Internet Chess Club"]
[Date "2021.04.24"]
[Round "4"]
[White "PETERSON, RYAN:K09-14901322"]
[Black "SATHISH, PRANAV:K09-16464655"]
[Result "1-0"]
[ICCResult "Black resigns"]
[WhiteElo "2016"]
[BlackElo "1768"]
[Opening "Bogo-Indian defense, Grünfeld variation"]
[ECO "E11"]
[NIC "QI.01"]
[Time "17:04:19"]
[PlyCount "83"]
[TimeControl "1500+5"]

1. d4 Nf6 2. c4 e6 3. Nf3 Bb4+ 4. Nbd2 b6 5. e3 Bb7 6. Bd3 d6 7. a3 Bxd2+
8. Bxd2 Ne4 9. Qc2 f5 10. O-O Nxd2 11. Nxd2 Qg5 12. e4 O-O 13. d5 fxe4 14.
Nxe4 Qe7 15. Rae1 e5 16. Ng3 g6 17. f4 Nd7 18. f5 Nc5 19. fxg6 Nxd3 20.
Qxd3 hxg6 21. Qxg6+ Kh8 22. Qh6+ Kg8 23. Nf5 Qf6 24. Qh5 Bc8 25. Nh6+ Kg7
26. Rxf6 Rxf6 27. Qg5+ Rg6 28. Nf5+ Bxf5 29. Qxf5 Rf8 30. Qc2 a5 31. Rf1
Rxf1+ 32. Kxf1 Rf6+ 33. Ke2 Rf7 34. g3 Kf6 35. h4 Rg7 36. Kf3 Rg6 37. g4
Kg7 38. g5 Kf7 39. Qf5+ Kg7 40. h5 a4 41. Qxg6+ Kh8 42. h6 { Black resigns
} 1-0

[Event "ICC tourney 2533 (25 5)"]
[Site "Internet Chess Club"]
[Date "2021.04.24"]
[Round "4"]
[White "DONOFRIO, LUKE:K09-15346692"]
[Black "MOU, IRIS:K09-15794244"]
[Result "0-1"]
[ICCResult "White checkmated"]
[WhiteElo "1451"]
[BlackElo "2059"]
[Opening "Caro-Kann: exchange variation"]
[ECO "B13"]
[NIC "CK.02"]
[Time "17:03:31"]
[PlyCount "70"]
[TimeControl "1500+5"]

1. e4 c6 2. d4 d5 3. exd5 cxd5 4. Nf3 Nf6 5. Nc3 Nc6 6. Bb5 Bg4 7. h3 Bh5
8. Bg5 e6 9. Qe2 Be7 10. O-O-O a6 11. Bxc6+ bxc6 12. g4 Bg6 13. Ne5 Qb6 14.
h4 Rb8 15. Na4 Qb5 16. Qxb5 cxb5 17. Nc6 Rc8 18. Nxe7 Kxe7 19. Nc5 h6 20.
Bxf6+ gxf6 21. Nxa6 Rxc2+ 22. Kb1 Rc6+ 23. Ka1 Rxa6 24. Rc1 Kd6 25. Rc5
Rha8 26. a3 b4 27. Rhc1 bxa3 28. b4 Rb8 29. b5 Rab6 30. Rc6+ Rxc6 31. b6
Rxc1+ 32. Ka2 Rxb6 33. h5 Bd3 34. f4 Bc4+ 35. Kxa3 Ra1# { White checkmated
} 0-1

[Event "ICC tourney 2533 (25 5)"]
[Site "Internet Chess Club"]
[Date "2021.04.24"]
[Round "4"]
[White "KOLLI, SAI:K09-16397773"]
[Black "R NAIR, ISHAN:K09-30144438"]
[Result "1-0"]
[ICCResult "Black checkmated"]
[WhiteElo "1507"]
[BlackElo "688"]
[Opening "Ruy Lopez: Bird's defense"]
[ECO "C61"]
[NIC "RL.05"]
[Time "17:05:59"]
[PlyCount "75"]
[TimeControl "1500+5"]

1. e4 e5 2. Nf3 Nc6 3. Bb5 Nd4 4. Nxd4 exd4 5. c3 a6 6. Bc4 b5 7. Bb3 Nf6
8. e5 Ne4 9. Qf3 d5 10. d3 Ng5 11. Bxg5 Qxg5 12. Qxd5 Be6 13. Qxa8+ Qd8 14.
Qxd8+ Kxd8 15. Bxe6 fxe6 16. cxd4 Bb4+ 17. Nd2 c6 18. O-O-O Kd7 19. a3 Ba5
20. b4 Bb6 21. Nb3 Rf8 22. f3 Rf4 23. Nc5+ Bxc5 24. dxc5 Rd4 25. Kc2 g5 26.
Rhe1 h5 27. Kc3 Rf4 28. Re4 Rf5 29. Rde1 Kc7 30. Rd4 g4 31. fxg4 hxg4 32.
Rxg4 Rf2 33. Ree4 Rf1 34. Rd4 Rh1 35. h3 Kb7 36. Rd7+ Kc8 37. Rh7 Kd8 38.
Rg8# { Black checkmated } 1-0

[Event "ICC tourney 2533 (25 5)"]
[Site "Internet Chess Club"]
[Date "2021.04.24"]
[Round "4"]
[White "S SINGH ATWAL, TEJVEER:K09-17280520"]
[Black "CHAVA, TARUN:K09-15546970"]
[Result "0-1"]
[ICCResult "White resigns"]
[WhiteElo "100"]
[BlackElo "904"]
[Opening "Queen's pawn game, Chigorin variation"]
[ECO "D02"]
[NIC "QP.08"]
[Time "17:07:07"]
[PlyCount "100"]
[TimeControl "1500+5"]

1. d4 d5 2. Nf3 Nc6 3. Nc3 Nf6 4. Bg5 e6 5. Bxf6 Qxf6 6. e3 Bd6 7. Bd3 O-O
8. O-O Nb4 9. Nb5 Nxd3 10. Nxd6 Nxb2 11. Qb1 Na4 12. Nxc8 Rfxc8 13. Qb3 Nb6
14. g4 Qxf3 15. Rfd1 Qxg4+ 16. Kf1 Qh3+ 17. Ke2 Qg4+ 18. f3 Qg2+ 19. Ke1
Nc4 20. Qd3 Qg1+ 21. Ke2 Qxh2+ 22. Ke1 Qg3+ 23. Ke2 Qg2+ 24. Ke1 Qxf3 25.
Rac1 Nxe3 26. Rd2 Ng2+ 27. Rxg2 Qxg2 28. Rd1 Qe4+ 29. Kf1 Qxd3+ 30. Rxd3 g6
31. Rg3 h5 32. Rg5 Rf8 33. Kg2 Kg7 34. Kh3 Kf6 35. Kh4 c5 36. dxc5 Rac8 37.
c6 Rxc6 38. Rg2 Rc4+ 39. Kg3 Rg4+ 40. Kf3 Rxg2 41. Kxg2 Rc8 42. Kf2 Rxc2+
43. Ke3 Rg2 44. a4 h4 45. a5 h3 46. Kf3 g5 47. a6 b6 48. Ke3 h2 49. Kd4
h1=Q 50. Kc3 Rg4 { White resigns } 0-1